 Dungeon Crawl Stone Soup version 0.21.1-1-g345015f (webtiles) character file.

70 rlgrobin the Firebug (level 4, 0/33 HPs)
             Began as a Draconian Fire Elementalist on Feb 10, 2018.
             Slain by an orc wizard
             ... wielding a +0 dagger
              (4 damage)
             ... on level 2 of the Dungeon.
             The game lasted 00:09:48 (2629 turns).

rlgrobin the Firebug (Draconian Fire Elementalist)  Turns: 2629, Time: 00:09:49

Health: 0/33       AC:  5    Str: 11    XL:     4   Next: 4%
Magic:  7/7        EV: 12    Int: 16    God:
Gold:   54         SH:  0    Dex: 11    Spells: 2/8 levels left

rFire    . . .     SeeInvis .   (no weapon)
rCold    . . .     Gourm    .   (no shield)
rNeg     . . .     Faith    .   (armour unavailable)
rPois    .         Spirit   .   (helmet restricted)
rElec    .         Reflect  .   (no cloak)
rCorr    .         Harm     .   (no gloves)
MR       .....                  (no boots)
Stlth    ++........             (no amulet)
HPRegen  0.11/turn              (no ring)
MPRegen  0.10/turn              (no ring)

@: no status effects
A: unfitting armour, cold-blooded, AC +5
a: no special abilities


You were on level 2 of the Dungeon.
You were hungry.

You visited 1 branch of the dungeon, and saw 3 of its levels.

You collected 54 gold pieces.


Innate Abilities, Weirdness & Mutations

Your plain brown scales are hard. (AC +5)
You cannot fit into any form of body armour.
You are cold-blooded and may be slowed by cold attacks.


   Skills:
 + Level 2.3 Dodging
 + Level 2.4 Stealth
 + Level 2.5 Spellcasting
 + Level 1.8 Conjurations
 + Level 3.4 Fire Magic


You had 2 spell levels left.
You knew the following spells:

 Your Spells              Type           Power        Failure   Level  Hunger
x - Throw Flame           Conj/Fire      ##....       10%         2    ##.....
z - Flame Tongue          Conj/Fire      ##...        7%          1    #......
Z - Conjure Flame         Conj/Fire      ##......     21%         3    ###....

Inventory:

Missiles
 e - 31 stones (quivered)
Scrolls
 d - a scroll of remove curse
 f - a scroll of identify {unknown}
 g - a scroll of teleportation {unknown}
Books
 a - a book of Flames

   Spells                             Type                      Level
   a - Flame Tongue                   Conjuration/Fire             1
   b - Throw Flame                    Conjuration/Fire             2
   c - Conjure Flame                  Conjuration/Fire             3
   d - Inner Flame                    Hexes/Fire                   3
   e - Sticky Flame                   Conjuration/Fire             4
   f - Fireball                       Conjuration/Fire             5
Comestibles
 b - 4 rations

Dungeon Overview and Level Annotations

Branches:
Dungeon (3/15)

Altars:

.▒ ▒▒▒ ▒.▒ ▒.▒....▒▒▒ .▒▒▒▒▒▒.▒▒
▒.▒ ▒▒.▒....▒ .......▒.▒▒▒▒.▒
▒.......▒ ▒
.▒..▒.▒▒▒.....▒▒▒▒▒▒▒▒▒.▒▒▒.▒▒▒▒▒
.▒..▒..▒.▒▒▒▒▒▒.......▒.▒▒▒▒.....
......▒..▒ ▒..▒▒▒▒.▒......▒▒▒▒
▒▒..▒▒▒▒.▒ ▒..▒▒▒▒.▒.▒▒▒▒.▒▒..
▒▒..▒▒▒▒.▒ ▒..▒.........▒.▒▒.▒
.........▒ ▒{d▒.▒..▒.▒▒.▒.....
▒▒▒▒▒▒▒▒▒▒ ▒..▒.▒..▒......▒▒.▒
▒.................▒
▒▒▒▒▒▒.▒.▒▒▒..▒▒▒▒▒ ▒........▒
▒▒▒.▒▒▒▒.▒▒▒ ▒.▒▒.....▒
▒▒▒▒▒.▒▒.....▒ ▒......▒.....▒


There were no monsters in sight!


Message History

You resist with some effort!
You take 2 damage, and have 12/33 hp!
The orc wizard gestures at you while chanting!
The magic dart hits you!!! * * * don't die
* * * In your confused state, you trip and fall back down the stairs! * * * don't die
* * * The orc wizard barely misses you!
You take 2 damage, and have 10/33 hp!
You bump into the rock wall!
The orc wizard gestures wildly while chanting!
The orc wizard flickers and vanishes!!!
It was a potion of agility!
You feel agile all of a sudden! Something hits you! * * * don't die
* * * You take 3 damage, and have 8/33 hp!
It was a potion of cancellation!
Your magical effects are unravelling!
You feel magically purged!
You feel less confused!
You feel a little less agile now! Something hits you! * * * don't die
* * * You take 4 damage, and have 4/33 hp!
Something hits you but does no damage!
You climb upwards!
There is a stone staircase leading down here!
MP restored: 7 Something hits you! rip

Action                   |  1- 3 |  4- 6 || total
-------------------------+-------+-------++-------
Melee: Unarmed           |    34 |     5 ||    39
       Tailslap          |     1 |       ||     1
 Cast: Flame Tongue      |    32 |     6 ||    38
       Throw Flame       |    12 |       ||    12
       Conjure Flame     |     2 |     1 ||     3
  Use: Scroll            |     2 |       ||     2
       Potion            |     1 |     2 ||     3
  Eat: Chunk             |     6 |       ||     6
Armor: Skin              |    16 |     2 ||    18
Dodge: Dodged            |    34 |     9 ||    43

Vault maps used:
D:1:      ldierk_water_garden
D:2:      uniq_jessica
D:3:      cheibriados_altar_1, nicolae_ru_great_annihilating_truth,
          first_ration, uniq_robin, uniq_grinder

Notes
Turn   | Place    | Note
-------+----------+-------------------------------------------
     0 | D:1      | rlgrobin the Draconian Fire Elementalist began the quest for the Orb.
     0 | D:1      | Reached XP level 1. HP: 14/14 MP: 3/3
   493 | D:1      | Reached skill level 2 in Stealth
   493 | D:1      | Reached XP level 2. HP: 20/20 MP: 3/5
   538 | D:1      | Reached skill level 2 in Dodging
   701 | D:1      | Learned a level 2 spell: Throw Flame
  1637 | D:2      | Noticed Jessica
  1640 | D:2      | Killed Jessica
  1640 | D:2      | Reached XP level 3. HP: 26/26 MP: 0/6
  1989 | D:2      | Learned a level 3 spell: Conjure Flame
  2489 | D:3      | Reached XP level 4. HP: 32/33 MP: 1/7
  2629 | D:2      | Slain by an orc wizard

Vanquished Creatures
  Jessica (D:2)
  A dart slug (D:2)
  3 leopard geckos
  2 orcs (D:3)
  3 giant cockroaches
  3 goblins
  3 hobgoblins
  A jackal (D:1)
  A quokka (D:2)
  A ball python (D:1)
  5 bats
  2 frilled lizards (D:1)
  5 kobolds
  7 rats
38 creatures vanquished.

Vanquished Creatures (others)
  4 toadstools (D:1)
4 creatures vanquished.

Grand Total: 42 creatures vanquished
